 Dungeon Crawl Stone Soup version 0.21-a0-94-gdd6ab6a (webtiles) character file.

12357 nikopol the Thaumaturge (level 11, -21/56 HPs)
             Began as a Deep Elf Fire Elementalist on July 2, 2017.
             Was a Priest of Vehumet.
             Demolished by a komodo dragon (29 damage)
             ... on level 1 of the Lair of Beasts.
             The game lasted 01:21:46 (13590 turns).

nikopol the Thaumaturge (DEFE)                     Turns: 13590, Time: 01:21:47

Health: -21/56     AC: 10    Str:  5    XL:     11   Next: 61%
Magic:  26/31      EV: 15    Int: 26    God:    Vehumet [***...]
Gold:   623        SH:  0    Dex: 15    Spells: 25/38 levels left

rFire    + . .     SeeInvis .   M - staff of energy
rCold    + + .     Gourm    .   (no shield)
rNeg     . . .     Faith    .   N - +2 robe {rF+}
rPois    .         Spirit   .   j - +2 helmet "Otipahah" {rC+ Int+2}
rElec    .         Reflect  .   n - scarf {cloud immunity}
rCorr    +         Harm     .   f - +1 pair of gloves
MR       +....                  v - +0 pair of boots
Stlth    +++.......             S - amulet of magic regeneration
HPRegen  0.18/turn              B - ring of protection from cold
MPRegen  0.47/turn              s - ring of resist corrosion

@: no status effects
A: no striking features
a: Renounce Religion


You were on level 1 of the Lair of Beasts.
You worshipped Vehumet.
Vehumet was most pleased with you.
You were hungry.

You visited 3 branches of the dungeon, and saw 12 of its levels.
You also visited: Bailey.

You collected 761 gold pieces.
You spent 138 gold pieces at shops.

Inventory:

Hand Weapons
 h - a +0 dagger
Armour
 a - a +0 robe
 f - a +1 pair of gloves (worn)
 j - the +2 helmet "Otipahah" (worn) {rC+ Int+2}
   (You found it in a bailey)

   It affects your intelligence (+2).
   It protects you from cold.
 l - a +1 pair of gloves
 n - a scarf of cloud immunity (worn)
 v - a +0 pair of boots (worn)
 N - a +2 robe of fire resistance (worn)
Magical Staves
 M - an uncursed staff of energy (weapon)
Jewellery
 r - a cursed -3 ring of intelligence {unknown}
 s - a ring of resist corrosion (right hand)
 B - a ring of protection from cold (left hand)
 J - an uncursed ring of magical power {unknown}
 S - an amulet of magic regeneration (around neck)
Wands
 u - a wand of lightning (11/15)
 F - a wand of clouds (4/9)
 O - a wand of confusion (35/48)
Scrolls
 e - a scroll of enchant weapon {unknown}
 i - a scroll of fear {unknown}
 o - 6 scrolls of teleportation
 w - 4 scrolls of remove curse
 x - a scroll of blinking {unknown}
 y - a scroll of vulnerability {unknown}
 G - a scroll of noise {unknown}
 H - a scroll of magic mapping
 K - 3 scrolls of recharging
 L - a scroll of amnesia
 R - a scroll of enchant armour {unknown}
Potions
 k - a potion of brilliance
 m - 3 potions of flight
 q - 2 potions of curing
 z - a potion of heal wounds
 A - 2 potions of haste
 C - 2 potions of degeneration {unknown}
 D - 4 potions of might
 E - 2 potions of ambrosia
 Q - 3 potions of berserk rage
Books
 b - a book of Flames

   Spells                             Type                      Level
   a - Flame Tongue                   Conjuration/Fire             1
   b - Throw Flame                    Conjuration/Fire             2
   c - Conjure Flame                  Conjuration/Fire             3
   d - Inner Flame                    Hexes/Fire                   3
   e - Sticky Flame                   Conjuration/Fire             4
   f - Fireball                       Conjuration/Fire             5
 g - the Volume of the Glacier and Slavery
   (You found it in a bailey)

   Spells                             Type                      Level
   a - Freeze                         Ice                          1
   b - Summon Small Mammal            Summoning                    1
   c - Throw Frost                    Conjuration/Ice              2
   d - Recall                         Summoning/Translocation      3
   e - Summon Forest                  Summoning/Translocation      5
   f - Simulacrum                     Ice/Necromancy               6
 P - a book of Misfortune

   Spells                             Type                      Level
   a - Confusing Touch                Hexes                        1
   b - Confuse                        Hexes                        3
   c - Gell's Gravitas                Translocation                3
   d - Petrify                        Transmutation/Earth          4
   e - Metabolic Englaciation         Hexes/Ice                    5
   f - Yara's Violent Unravelling     Hexes/Transmutation          5
Miscellaneous
 I - a crystal ball of energy
Comestibles
 c - 13 bread rations
 d - 9 meat rations
 p - 9 fruits
 t - 9 royal jellies
 T - 11 chunks of flesh


   Skills:
 + Level 1.4 Fighting
 + Level 4.9 Dodging
 + Level 5.0 Stealth
 + Level 14.0 Spellcasting
 + Level 10.7 Conjurations
 + Level 11.4 Fire Magic
 + Level 0.9 Ice Magic


You had 25 spell levels left.
You knew the following spells:

 Your Spells              Type           Power        Failure   Level  Hunger
a - Flame Tongue          Conj/Fire      #####        1%          1    None
b - Throw Flame           Conj/Fire      ######       1%          2    None
c - Conjure Flame         Conj/Fire      ######..     1%          3    None
d - Fireball              Conj/Fire      ######....   1%          5    None
e - Throw Frost           Conj/Ice       #####.       1%          2    None


Dungeon Overview and Level Annotations

Branches:
Dungeon (10/15)            Temple (1/1) D:7            Lair (1/6) D:10
    Orc (0/2) D:9

Altars:
Ashenzari
Dithmenos
Elyvilon
Fedhas
Gozag
Hepliaklqana
Okawaru
Qazlal
Ru
Sif Muna
Trog
Uskayaw
Vehumet
Wu Jian
Xom
Yredelemnul
Zin
The Shining One

Shops:
D:4 !   D:7 ?


Message History

Aiming: Flame Tongue
Press: ? - help, Shift-Dir - straight line, f/p - komodo dragon
Aim: a komodo dragon (flame, moderately wounded)
The flame tongue hits the komodo dragon.
The komodo dragon is moderately wounded.
The komodo dragon is engulfed in blazing flames.
The komodo dragon bites you!
* * * LOW HITPOINT WARNING * * *
Casting: Flame Tongue
Confirm with . or Enter, or press ? or * to list all spells.
Aiming: Throw Flame
Press: ? - help, Shift-Dir - straight line, f/p - komodo dragon
Aim: a komodo dragon (flame, severely wounded)
The puff of flame hits the komodo dragon.
The komodo dragon appears unharmed.
The komodo dragon is severely wounded.
The komodo dragon is engulfed in blazing flames.
The komodo dragon bites you!!
Ouch! That really hurt!
You die...

..........#
.........# ........#
....... ..... ...
#l# #@# ####.##
##.....# ##......##
. ##........##
..###.....P....#
.......P.......###
..##.............##.
..###.....P.........


You could see a komodo dragon.

Vanquished Creatures
  A hydra (Lair:1)
  2 two-headed ogres
  An orc knight (Bailey)
  Joseph (D:8)
  2 spiny frogs (Lair:1)
  A komodo dragon (Lair:1)
  A troll (D:10)
  3 hippogriffs
  The ghost of braks the Skirmisher, an amateur TrEE of Cheibriados (D:4)
  13 yaks
  2 wyverns
  3 hogs (D:7)
  A human (D:7)
  Menkaure (D:5)
  A hungry ghost (D:7)
  A water moccasin (Lair:1)
  6 orc warriors
  5 ice beasts
  A phantom (D:9)
  2 black bears
  2 sky beasts (D:9)
  A necrophage (D:9)
  4 ogres
  3 crocodiles
  3 centaurs
  9 bullfrogs
  4 scorpions
  6 killer bees (D:9)
  3 wights (D:8)
  A howler monkey (D:4)
  A bullfrog zombie (D:10)
  A centaur zombie (D:5)
  4 crimson imps
  4 orc priests
  A gnoll shaman (D:10)
  5 hounds
  An iguana (D:4)
  8 orc wizards
  A centaur skeleton (D:10)
  Terence (D:2)
  5 worker ants
  2 killer bee zombies
  2 hound zombies
  A hound skeleton (D:9)
  Robin (D:2)
  16 gnolls
  6 adders
  A shadow imp (D:9)
  2 adder zombies
  An ooze (D:4)
  A worm (D:3)
  3 dart slugs
  6 leopard geckos
  43 orcs
  6 giant cockroaches
  16 goblins
  8 hobgoblins
  14 jackals
  7 kobolds
  7 quokkas
  2 ball pythons
  11 bats
  6 frilled lizards
  A jackal zombie (D:7)
  A leopard gecko skeleton (D:5)
  2 quokka skeletons
  A quokka zombie (D:6)
  9 rats
293 creatures vanquished.

Vanquished Creatures (others)
  A plant (Lair:1)
1 creature vanquished.

Grand Total: 294 creatures vanquished

Notes
Turn   | Place    | Note
-------+----------+-------------------------------------------
     0 | D:1      | nikopol the Deep Elf Fire Elementalist began the quest for the Orb.
     0 | D:1      | Reached XP level 1. HP: 10/10 MP: 6/6
   177 | D:1      | Reached XP level 2. HP: 15/15 MP: 6/8
   181 | D:1      | Learned a level 2 spell: Throw Flame
   806 | D:2      | Reached XP level 3. HP: 19/19 MP: 6/9
   814 | D:2      | Learned a level 3 spell: Conjure Flame
   828 | D:2      | Noticed Robin
  1203 | D:2      | Found a hide-covered altar of Uskayaw.
  1207 | D:2      | Noticed Terence
  1227 | D:2      | Killed Terence
  1244 | D:2      | Reached XP level 4. HP: 23/24 MP: 0/11
  1645 | D:2      | Killed Robin
  1738 | D:2      | Reached skill level 4 in Spellcasting
  2118 | D:3      | Found a blossoming altar of Fedhas.
  2120 | D:3      | Found a glowing silver altar of Zin.
  2207 | D:3      | Found a bloodstained altar of Trog.
  2230 | D:3      | Noticed an ogre
  2299 | D:2      | Reached XP level 5. HP: 9/28 MP: 8/13
  2514 | D:2      | Learned a level 5 spell: Fireball
  2601 | D:3      | Reached skill level 5 in Fire Magic
  2677 | D:3      | Killed an ogre
  2677 | D:3      | Reached skill level 5 in Spellcasting
  2855 | D:3      | Reached XP level 6. HP: 32/32 MP: 11/16
  2957 | D:3      | Found a shattered altar of Ashenzari.
  3153 | D:4      | Found Uvoc's Distillery.
  3484 | D:4      | Reached skill level 6 in Spellcasting
  3656 | D:4      | Bought a potion of heal wounds for 60 gold pieces
  3705 | D:4      | Noticed braks's ghost (amateur TrEE)
  3725 | D:4      | Killed braks's ghost
  3725 | D:4      | Reached XP level 7. HP: 36/36 MP: 6/19
  3923 | D:4      | Found an iron altar of Okawaru.
  4087 | D:4      | Reached skill level 7 in Spellcasting
  4145 | D:5      | Entered Level 5 of the Dungeon
  4544 | D:5      | Noticed Menkaure
  4552 | D:5      | Killed Menkaure
  4552 | D:5      | Reached skill level 5 in Conjurations
  4626 | D:5      | Found a white marble altar of Elyvilon.
  5092 | D:6      | Reached skill level 8 in Spellcasting
  5092 | D:6      | Reached XP level 8. HP: 41/41 MP: 5/22
  5305 | D:6      | HP: 1/41 [orc priest/divine providence (15)]
  6094 | D:6      | Reached skill level 9 in Spellcasting
  6462 | D:7      | Found Yhanutio's Magic Scroll Shoppe.
  6482 | D:7      | Found a staircase to the Ecumenical Temple.
  6491 | Temple   | Entered the Ecumenical Temple
  6508 | Temple   | Became a worshipper of Vehumet
  6649 | D:7      | Found a flagged portal.
  6660 | Bailey   | Entered a bailey
  7141 | Bailey   | Noticed an orc knight
  7269 | Bailey   | Reached XP level 9. HP: 46/46 MP: 12/24
  7397 | Bailey   | Killed an orc knight
  7397 | Bailey   | Reached skill level 1 in Fighting
  7397 | Bailey   | Reached skill level 10 in Spellcasting
  7747 | Bailey   | Identified the Volume of the Glacier and Slavery
  7750 | Bailey   | Got a warped helmet
  7842 | D:7      | Learned a level 2 spell: Throw Frost
  7936 | D:7      | Found a stormy altar of Qazlal.
  8483 | D:7      | Bought a scroll of remove curse for 39 gold pieces
  8483 | D:7      | Bought a scroll of teleportation for 39 gold pieces
  8496 | D:7      | Identified the +2 helmet "Otipahah" {rC+ Int+2} (You found it in a bailey)
  8554 | D:7      | Reached * piety under Vehumet
  8554 | D:7      | Offered knowledge of Sting by Vehumet.
  8710 | D:7      | Reached skill level 11 in Spellcasting
  9104 | D:8      | Reached XP level 10. HP: 52/52 MP: 20/27
  9530 | D:9      | Noticed a two-headed ogre
  9542 | D:9      | Killed a two-headed ogre
  9551 | D:9      | HP: 1/52 [crocodile (5)]
 10285 | D:9      | Offered knowledge of Magic Dart by Vehumet.
 10290 | D:9      | Found a staircase to the Orcish Mines.
 10293 | D:9      | Reached ** piety under Vehumet
 10300 | D:9      | Reached skill level 12 in Spellcasting
 10341 | D:9      | Reached skill level 10 in Fire Magic
 10615 | D:9      | Found a shimmering altar of Xom.
 11011 | D:8      | Noticed Joseph
 11015 | D:8      | Killed Joseph
 11293 | D:9      | Found an ornate altar of the Wu Jian Council.
 11296 | D:9      | Found a deep blue altar of Sif Muna.
 11298 | D:9      | Found a sacrificial altar of Ru.
 11328 | D:10     | Entered Level 10 of the Dungeon
 11617 | D:10     | Reached skill level 5 in Stealth
 11759 | D:9      | Offered knowledge of Dazzling Spray by Vehumet.
 11856 | D:10     | Reached XP level 11. HP: 29/56 MP: 18/29
 12090 | D:10     | Reached *** piety under Vehumet
 12375 | D:10     | Reached skill level 10 in Conjurations
 12378 | D:10     | Found a staircase to the Lair.
 12395 | D:10     | Noticed a two-headed ogre
 12423 | D:10     | Killed a two-headed ogre
 12423 | D:10     | Reached skill level 13 in Spellcasting
 12873 | Lair:1   | Entered Level 1 of the Lair of Beasts
 13168 | Lair:1   | Noticed an eight-headed hydra
 13175 | Lair:1   | Killed an eight-headed hydra
 13371 | Lair:1   | Offered knowledge of Fulminant Prism by Vehumet.
 13581 | Lair:1   | Reached skill level 14 in Spellcasting
 13590 | Lair:1   | Demolished by a komodo dragon

Vault maps used:
D:1:      matt_arrival_grand_opening
D:2:      overflow_temple_1_default, uniq_robin, uniq_terence
D:3:      grunt_temple_overflow_open, nicolae_overflow_crystal_walls,
          first_bread, bloody_trog
D:4:      kennysheep_okawaru_gauntlet, serial_shops, nicolae_shop_waterfront
D:5:      old_standard_altar, uniq_menkaure
D:7:      minmay_temple_entry_junction, enter_bailey_3, serial_shops, shop,
          grunt_livestock, grunt_qazlal_clouds
D:8:      serial_bayou_pond_e, uniq_joseph
D:9:      kennysheep_mini_moat, nicolae_overflow_hidden_temple, david_orc_3
D:10:     lair_entry_dummy
Temple:   chequers_temple_sunken
Lair:1:   lemuel_fruit_tree
Bailey:   bailey_polearm_1, bailey

Skill      XL: |  1  2  3  4  5  6  7  8  9 10 11 |
---------------+----------------------------------+-----
Fire Magic     | 4 5 6 7 9 10 11 | 11.4
Dodging        | 3 4 |  4.9
Conjurations   | 2 3 4 5 6 8 9 10 | 10.7
Spellcasting   | 4 5 6 8 9 11 12 14 | 14.0
Stealth        | 3 4 5 |  5.0
Fighting       | 1 |  1.4
Ice Magic      | |  0.9

Action                   |  1- 3 |  4- 6 |  7- 9 | 10-12 || total
-------------------------+-------+-------+-------+-------++-------
Melee: Dagger            |       |     1 |       |       ||     1
       Staff             |       |       |       |     1 ||     1
 Cast: Flame Tongue      |    58 |   152 |   247 |   264 ||   721
       Conjure Flame     |     2 |     6 |    11 |    14 ||    33
       Throw Flame       |       |     4 |    23 |    64 ||    91
       Fireball          |       |       |    10 |    21 ||    31
       Throw Frost       |       |       |     3 |     3 ||     6
Evoke: Wand              |       |       |       |     1 ||     1
  Use: Scroll            |       |     1 |     6 |     9 ||    16
       Potion            |       |       |       |     1 ||     1
  Eat: Chunk             |       |     9 |    15 |    14 ||    38
       Fruit             |       |       |     3 |       ||     3
Armor: Robe              |    12 |    12 |    13 |    35 ||    72
Dodge: Dodged            |    26 |    48 |    60 |    70 ||   204
